[Event "Monday Night Engine Tour 13 Rd Swiss 3m+1s Starts at 2200hrs ST"]
[Site "Infinity Chess"]
[Date "2018.1.22"]
[Round "2"]
[White "MGR"]
[Black "Victorious"]
[Result "1/2-1/2"]
[ECO "D31"]
[WhiteElo "2522"]
[BlackElo "2517"]
[WhiteEngine "asmFishW_2017-08-25_bmi2"]
[BlackEngine "BugChess2.41_Release"]
[EventType "Swiss"]
[WhiteTeam ""]
[BlackTeam ""]
[PlyCount "94"]
[TimeControl "180+1"]

1. d4 d5 2. c4 e6 3. Nc3 c6 4. e4 dxe4 5. Nxe4 Bb4+ 6. Bd2 Qxd4 7. Bxb4 Qxe4+ 
8. Be2 Na6 9. Ba5 b6 10. Qd6 Bd7 11. Bc3 f6 12. Nf3 Nh6 13. Rd1 Rd8 14. Qa3 Bc8 
15. Nd2 Qf4 16. Bh5+ Nf7 17. O-O c5 18. Qa4+ Ke7 19. Rfe1 Ng5 20. Re3 Rd6 
21. Rde1 Rhd8 22. Nf3 Kf8 23. a3 Nf7 24. h3 Rd3 25. Rxd3 Rxd3 26. Qc2 Qxc4 
27. Nd2 Qd5 28. Be2 Bb7 29. f3 Rd4 30. Bxd4 Qxd4+ 31. Kh1 Nc7 32. Nc4 Bd5 
33. Rd1 Qf2 34. Rf1 Qd4 35. Rd1 Qf4 36. a4 g6 37. b3 Nh6 38. Qc3 Ke7 39. Ne3 Nf7 
40. a5 Ne5 41. axb6 axb6 42. Bc4 Bxf3 43. gxf3 Qxf3+ 44. Kh2 Qf2+ 45. Kh1 Qf3+ 
46. Kh2 Qf4+ 47. Kh1 Qf3+ 1/2-1/2

[Event "Monday Night Engine Tour 13 Rd Swiss 3m+1s Starts at 2200hrs ST"]
[Site "Infinity Chess"]
[Date "2018.1.22"]
[Round "2"]
[White "MrScience"]
[Black "OlivierEvan"]
[Result "1/2-1/2"]
[ECO "C65"]
[WhiteElo "2566"]
[BlackElo "2457"]
[WhiteEngine "BrainFish_x64_modern"]
[BlackEngine "Houdini 6"]
[EventType "Swiss"]
[WhiteTeam ""]
[BlackTeam ""]
[PlyCount "167"]
[TimeControl "180+1"]

1. e4 e5 2. Nf3 Nc6 3. Bb5 Nf6 4. O-O Nxe4 5. Re1 Nd6 6. Nxe5 Be7 7. Bf1 Nxe5 
8. Rxe5 O-O 9. d4 Bf6 10. Re1 Re8 11. c3 Rxe1 12. Qxe1 Nf5 13. Bf4 c6 14. Nd2 d5 
15. h3 Nh4 16. Qe3 Bd7 17. Re1 Qf8 18. Qd3 h6 19. Nb3 Bf5 20. Qe2 Bd7 
21. Nc5 Re8 22. Qd1 Rxe1 23. Qxe1 Bc8 24. Qe3 Nf5 25. Qf3 Nh4 26. Qe3 Nf5 
27. Qf3 Nh4 28. Qe2 Ng6 29. Bh2 b6 30. Na6 Qd8 31. Nb4 Bb7 32. Nc2 Bg5 
33. Ne1 Bc8 34. Nf3 Bc1 35. b4 Qe7 36. Qd1 Bf4 37. Bxf4 Nxf4 38. Ne5 Qe6 
39. a4 Ng6 40. Nd3 Ne7 41. Qf3 Qd6 42. h4 g6 43. b5 Kg7 44. Nf4 c5 45. dxc5 Qxc5 
46. Qe2 Qd6 47. Qd2 Qc5 48. Nd3 Qc4 49. h5 g5 50. Nb4 Qe4 51. Be2 Qe5 
52. Bd1 Be6 53. g3 Bf5 54. Kh2 f6 55. Kg1 Be4 56. Bg4 Kf7 57. Bd1 Ke6 
58. Kf1 Nf5 59. Nc6 Nxg3+ 60. Kg1 Qd6 61. a5 Nf5 62. a6 Qc5 63. Nxa7 Kd7 
64. Nc6 Qxb5 65. Nb4 Kc8 66. f3 Qc5+ 67. Qf2 Bb1 68. Qxc5+ bxc5 69. Nxd5 Bd3 
70. Nb6+ Kb8 71. Nd7+ Ka7 72. Nxc5 Bc4 73. f4 gxf4 74. Kf2 Ng3 75. Bf3 Bf7 
76. Nd7 Nxh5 77. Bxh5 Bxh5 78. Nxf6 Bd1 79. Nd5 Kxa6 80. c4 Bb3 81. Nxf4 Bxc4 
82. Kg3 Bf1 83. Kg4 Kb7 84. Kf5 1/2-1/2

[Event "Monday Night Engine Tour 13 Rd Swiss 3m+1s Starts at 2200hrs ST"]
[Site "Infinity Chess"]
[Date "2018.1.22"]
[Round "1"]
[White "Ninja_Bp"]
[Black "incredible"]
[Result "1/2-1/2"]
[ECO "C53"]
[WhiteElo "2381"]
[BlackElo "2493"]
[WhiteEngine "Houdini 6_CTG"]
[BlackEngine "Stockfish_x64_bmi2"]
[EventType "Swiss"]
[WhiteTeam ""]
[BlackTeam ""]
[PlyCount "126"]
[TimeControl "180+1"]

1. e4 e5 2. Nf3 Nc6 3. Bc4 Bc5 4. c3 Nf6 5. d3 a6 6. O-O Ba7 7. Bg5 h6 8. Bh4 d6 
9. Nbd2 Qe7 10. a4 O-O 11. Re1 Kh8 12. Bg3 g5 13. b4 g4 14. Nh4 Nh5 15. Nf1 Qf6 
16. Qd2 Ne7 17. Rad1 Be6 18. Ne3 Bxe3 19. Rxe3 Bxc4 20. dxc4 a5 21. b5 b6 
22. f3 gxf3 23. Rxf3 Qg5 24. Qe1 f6 25. c5 bxc5 26. b6 cxb6 27. Rxd6 Rad8 
28. Rxb6 Rd7 29. Ra6 Rfd8 30. Rf1 Rd3 31. Nf3 Qg7 32. Ra7 R8d7 33. Rxd7 Rxd7 
34. Qe3 Ng8 35. Nh4 Qg5 36. Qxc5 Nxg3 37. hxg3 Qxg3 38. Nf5 Qg5 39. Qf2 Rd3 
40. Qe1 h5 41. c4 h4 42. Qe2 Rd2 43. Qf3 Rc2 44. Rd1 Rxc4 45. Rd8 Rc7 
46. Ra8 Kh7 47. Rxa5 Nh6 48. Nxh6 Kxh6 49. Kh2 Qg3+ 50. Qxg3 hxg3+ 51. Kxg3 Kg5 
52. Ra8 Rc3+ 53. Kh2 Ra3 54. Rg8+ Kf4 55. Rf8 Rxa4 56. Rxf6+ Ke3 57. g4 Ra1 
58. g5 Rb1 59. g6 Rb7 60. Kg3 Kxe4 61. Kg4 Rg7 62. Kg5 Rg8 63. Rf1 Kd3 1/2-1/2

[Event "Monday Night Engine Tour 13 Rd Swiss 3m+1s Starts at 2200hrs ST"]
[Site "Infinity Chess"]
[Date "2018.1.22"]
[Round "1"]
[White "Coco69"]
[Black "BraveDevil"]
[Result "1/2-1/2"]
[ECO "C58"]
[WhiteElo "2506"]
[BlackElo "2431"]
[WhiteEngine "Raubfisch X37b3."]
[BlackEngine "Cryptic AIL V2"]
[EventType "Swiss"]
[WhiteTeam ""]
[BlackTeam ""]
[PlyCount "162"]
[TimeControl "180+1"]

1. e4 e5 2. Nf3 Nc6 3. Bc4 Nf6 4. Ng5 d5 5. exd5 Na5 6. Bb5+ c6 7. dxc6 bxc6 
8. Bd3 Nd5 9. h4 Bc5 10. Qf3 Qe7 11. Nc3 h6 12. Nge4 Bd4 13. Ng3 O-O 14. Bf5 Be6 
15. Nce4 g6 16. c3 gxf5 17. Nxf5 Bxf5 18. Qxf5 Bb6 19. d3 Qe6 20. Qxe6 fxe6 
21. Bxh6 Rf7 22. f3 Nb7 23. O-O-O Nc5 24. Nd6 Rh7 25. Bg5 Rf8 26. Nc4 Nd7 
27. Nxb6 axb6 28. Kc2 Kf7 29. a3 c5 30. Rhe1 Kg6 31. Re4 Ra8 32. Rh1 Kf7 
33. Rh3 N5f6 34. Re1 Rg8 35. Rhh1 Nd5 36. Rhg1 Kg6 37. Rh1 Kf7 38. Rhg1 Nf4 
39. Re4 Rhh8 40. Bxf4 exf4 41. Rxf4+ Nf6 42. g3 e5 43. Ra4 Ke7 44. Kd2 Kd6 
45. b4 Nd5 46. bxc5+ bxc5 47. d4 exd4 48. cxd4 c4 49. Ra6+ Kc7 50. Ra5 c3+ 
51. Kd3 Rh5 52. Ra7+ Kd6 53. Ra6+ Kc7 54. Ra7+ Kb6 55. Ra4 Kc6 56. Ra6+ Nb6 
57. g4 Rd5 58. Rb1 Rb5 59. Rxb5 Kxb5 60. Rxb6+ Kxb6 61. Kxc3 Kc6 62. Kd3 Kd6 
63. h5 Kd5 64. Ke3 Ra8 65. a4 Rxa4 66. Kf4 Ke6 67. Ke4 Ra1 68. g5 Kf7 69. d5 Rd1 
70. f4 Re1+ 71. Kf5 Rd1 72. Ke4 Ra1 73. d6 Rd1 74. Ke5 Re1+ 75. Kd4 Rd1+ 
76. Ke5 Re1+ 77. Kd4 Rd1+ 78. Ke4 Rxd6 79. f5 Rd1 80. h6 Kg8 81. g6 Rh1 1/2-1/2

[Event "Monday Night Engine Tour 13 Rd Swiss 3m+1s Starts at 2200hrs ST"]
[Site "Infinity Chess"]
[Date "2018.1.22"]
[Round "1"]
[White "OlivierEvan"]
[Black "RonWeasley"]
[Result "1-0"]
[ECO "E10"]
[WhiteElo "2438"]
[BlackElo "2516"]
[WhiteEngine "Houdini 6"]
[BlackEngine "BrainFish 130117_CTG"]
[EventType "Swiss"]
[WhiteTeam ""]
[BlackTeam ""]
[PlyCount "191"]
[TimeControl "180+1"]

1. d4 Nf6 2. c4 e6 3. Nf3 d5 4. Nc3 c6 5. Bg5 h6 6. Bxf6 Qxf6 7. e3 Nd7 
8. Be2 g6 9. O-O Be7 10. Nd2 O-O 11. Rc1 Qg7 12. Qc2 Rd8 13. a3 g5 14. h3 Nf6 
15. Bd3 h5 16. Ne2 Bd6 17. Rcd1 h4 18. Nf3 b6 19. cxd5 cxd5 20. Nc3 Bb7 
21. Ne5 g4 22. Nxg4 Nxg4 23. hxg4 Qxg4 24. f4 f5 25. Rf3 Kf7 26. Kf2 a6 
27. Rh3 Rh8 28. Be2 Qg7 29. Qb3 b5 30. Na2 Rag8 31. Bf3 Kf8 32. Rdh1 Bc6 
33. Nb4 Be8 34. Qd1 a5 35. Nd3 b4 36. axb4 axb4 37. Kg1 Qf6 38. Qe1 Be7 
39. Qa1 Bd6 40. Qa5 Qe7 41. Nc5 b3 42. Nxb3 Qb7 43. Qc3 Bb4 44. Qc1 Be7 
45. Nc5 Qb6 46. Kf2 Bb5 47. Qc3 Kf7 48. Ra1 Rb8 49. Kg1 Rh6 50. Ra5 Kg8 
51. b3 Bd8 52. Ra2 Be7 53. Kh2 Re8 54. Ra5 Bd8 55. Ra8 Kf7 56. Qa1 Bf6 
57. Qa7+ Qxa7 58. Rxa7+ Be7 59. Rb7 Bc6 60. Rb6 Rc8 61. Be2 Bd8 62. Ra6 Be8 
63. Bd3 Rc6 64. Kg1 Rxa6 65. Bxa6 Bb6 66. Be2 Ba5 67. g3 Be1 68. Rxh4 Rxh4 
69. gxh4 Bxh4 70. Bh5+ Ke7 71. Bxe8 Kxe8 72. b4 Kf7 73. Nb7 Ke8 74. b5 Ke7 
75. Kf1 Kd7 76. Nc5+ Kc8 77. Kg2 Be7 78. Nxe6 Bf6 79. b6 Be7 80. Nc7 Ba3 
81. Nxd5 Kb7 82. Kf3 Bb2 83. e4 Bxd4 84. exf5 Bc5 85. f6 Ba3 86. f7 Bf8 
87. Nc7 Kc6 88. Ne6 Kd5 89. Nxf8 Kc6 90. Nd7 Kb5 91. f8=Q Kc6 92. Qc8+ Kd5 
93. Ne5 Kd6 94. Qc6+ Ke7 95. Qd7+ Kf8 96. Qf7# 1-0

[Event "Monday Night Engine Tour 13 Rd Swiss 3m+1s Starts at 2200hrs ST"]
[Site "Infinity Chess"]
[Date "2018.1.22"]
[Round "1"]
[White "Victorious"]
[Black "Dovahkiin"]
[Result "1/2-1/2"]
[ECO "C00"]
[WhiteElo "2520"]
[BlackElo "2442"]
[WhiteEngine "BugChess2.41_Release"]
[BlackEngine "BrainFish_180113_x64_modern_CTG"]
[EventType "Swiss"]
[WhiteTeam ""]
[BlackTeam ""]
[PlyCount "77"]
[TimeControl "180+1"]

1. e4 e6 2. Nc3 d5 3. d4 Nf6 4. Bg5 Bb4 5. exd5 Qxd5 6. Nf3 Ne4 7. Bd2 Bxc3 
8. Bxc3 Nxc3 9. bxc3 b6 10. a4 O-O 11. Bd3 c5 12. Qe2 Bb7 13. a5 Nd7 
14. O-O Rac8 15. Ra4 h6 16. axb6 axb6 17. h3 Ra8 18. Rfa1 Qd6 19. Bb5 Rxa4 
20. Rxa4 Ra8 21. Rxa8+ Bxa8 22. Bxd7 Qxd7 23. dxc5 Bxf3 24. Qxf3 bxc5 
25. Qa8+ Kh7 26. Qe4+ f5 27. Qd3 Qd5 28. f4 g5 29. Qxd5 exd5 30. fxg5 hxg5 
31. Kf2 Kg6 32. g3 c4 33. Ke2 Kf6 34. Kf2 Ke5 35. Ke3 Kf6 36. Kf2 Ke5 
37. Ke3 Ke6 38. Kf3 Kf6 39. Kf2 1/2-1/2

[Event "Monday Night Engine Tour 13 Rd Swiss 3m+1s Starts at 2200hrs ST"]
[Site "Infinity Chess"]
[Date "2018.1.22"]
[Round "1"]
[White "star99"]
[Black "MGR"]
[Result "1/2-1/2"]
[ECO "B18"]
[WhiteElo "2447"]
[BlackElo "2525"]
[WhiteEngine "Cryptic AIL V2"]
[BlackEngine "asmFishW_2017-08-25_bmi2"]
[EventType "Swiss"]
[WhiteTeam ""]
[BlackTeam ""]
[PlyCount "117"]
[TimeControl "180+1"]

1. e4 c6 2. d4 d5 3. Nc3 dxe4 4. Nxe4 Bf5 5. Ng3 Bg6 6. Nf3 Nd7 7. Bd3 Bxd3 
8. Qxd3 e6 9. O-O Ngf6 10. Re1 Be7 11. c4 O-O 12. Bf4 Re8 13. Rad1 Qb6 
14. Ne4 c5 15. Nxf6+ Bxf6 16. b3 cxd4 17. Nxd4 Red8 18. Nb5 Nc5 19. Qf3 Qc6 
20. Qe3 Rxd1 21. Rxd1 a6 22. Nc3 Rd8 23. Rxd8+ Bxd8 24. b4 Nd7 25. Qd3 Be7 
26. c5 f5 27. Qe2 Kf7 28. Qh5+ Kf8 29. Qxh7 Nf6 30. Qh8+ Kf7 31. Qb8 Qd7 
32. Bd6 Bxd6 33. cxd6 Ne8 34. h3 b5 35. g4 Qxd6 36. Qxd6 Nxd6 37. Kg2 Kf6 
38. f4 Nc4 39. Kf3 Na3 40. gxf5 Kxf5 41. Nd1 Kf6 42. Ne3 Nb1 43. Nd1 Na3 
44. Ne3 Nb1 45. Nd1 Kf5 46. Ne3+ Kg6 47. Nd1 Kh5 48. Ke4 Kh4 49. Ke5 Kg3 
50. Nb2 Nc3 51. a3 Kxh3 52. Nd3 Kg4 53. Nc5 g6 54. Nxe6 Nb1 55. Kf6 Kh5 
56. f5 gxf5 57. Kxf5 Nxa3 58. Nc5 Kh4 59. Nxa6 1/2-1/2

[Event "Monday Night Engine Tour 13 Rd Swiss 3m+1s Starts at 2200hrs ST"]
[Site "Infinity Chess"]
[Date "2018.1.22"]
[Round "1"]
[White "MrScience"]
[Black "KULLANI"]
[Result "1/2-1/2"]
[ECO "C65"]
[WhiteElo "2570"]
[BlackElo "2469"]
[WhiteEngine "BrainFish_x64_modern"]
[BlackEngine "asmfish-popcnt-012018-W_CTG"]
[EventType "Swiss"]
[WhiteTeam ""]
[BlackTeam ""]
[PlyCount "182"]
[TimeControl "180+1"]

1. e4 e5 2. Nf3 Nc6 3. Bb5 Nf6 4. O-O Nxe4 5. Re1 Nd6 6. Nxe5 Nxe5 7. Rxe5+ Be7 
8. Bf1 O-O 9. d4 Ne8 10. c4 Bf6 11. Re1 d5 12. cxd5 Qxd5 13. Be3 Be6 14. Nc3 Qd7 
15. Qf3 c6 16. h3 Rd8 17. Rad1 Nc7 18. Ne4 Be7 19. Nc5 Qd5 20. Qxd5 Nxd5 
21. Nxb7 Rb8 22. Na5 Rxb2 23. Nxc6 Bd6 24. a3 Ra8 25. Bc1 Rc2 26. Na5 Bf8 
27. Nb7 h6 28. Bd3 Rc3 29. Nc5 Bxc5 30. dxc5 Rxc5 31. Bb2 Nb6 32. Bd4 Ra5 
33. Re3 Rc8 34. Kh2 Rd5 35. Be4 Rd7 36. Red3 f5 37. Bf3 Rcd8 38. Be2 Rc8 
39. Re3 Bc4 40. Ba1 Rcc7 41. Rxd7 Rxd7 42. Bxc4+ Nxc4 43. Rc3 Rc7 44. h4 g5 
45. Rd3 Kf7 46. h5 f4 47. Rc3 Ke7 48. Rc1 Ke6 49. Kh3 Kf5 50. Bd4 a6 51. Rc3 Ke6 
52. Bh8 Kf5 53. Bd4 Ke6 54. Bh8 Kf5 55. a4 Ke6 56. Rc1 Kf5 57. g4+ Ke4 
58. Rc3 Kd5 59. Kg2 Re7 60. Rc1 Ne5 61. Rd1+ Kc5 62. Re1 Kd5 63. f3 Re6 
64. Bg7 Kd6 65. Re2 Kd5 66. Rd2+ Kc5 67. Rd8 Nc4 68. Kf2 Ne5 69. Kg2 Nc4 
70. Kf2 Ne5 71. Rd1 Nc4 72. Bf8+ Kc6 73. Rc1 Kd5 74. Rd1+ Kc6 75. Rc1 Kd5 
76. Bg7 Ne5 77. Rd1+ Kc5 78. Rd8 Nc6 79. Bf8+ Kc4 80. Rd6 Rxd6 81. Bxd6 Nd8 
82. Bf8 Nf7 83. a5 Kd4 84. Ba3 Ne5 85. Bb2+ Kd5 86. Ba1 Kd6 87. Ke2 Ke6 
88. Bb2 Kd5 89. Ba1 Ke6 90. Bb2 Kd5 91. Ba1 Ke6 1/2-1/2

[Event "Monday Night Engine Tour 5 Rd Swiss 16m+1s Starts at 2200hrs ST"]
[Site "Infinity Chess"]
[Date "2018.1.16"]
[Round "5"]
[White "incredible"]
[Black "KULLANI"]
[Result "1/2-1/2 "]
[ECO "C50"]
[WhiteElo "2450"]
[BlackElo "2427"]
[WhiteEngine "BrainFish_180113_x64_bmi2"]
[BlackEngine "BrainFish_180106_x64_CTG"]
[EventType "Swiss"]
[WhiteTeam ""]
[BlackTeam ""]
[PlyCount "186"]
[TimeControl "960+1"]

1. e4 e5 2. Nf3 Nc6 3. Bc4 Bc5 4. O-O Nf6 5. d3 d6 6. c3 a5 7. Re1 h6 8. h3 O-O 
9. Nbd2 Be6 10. a4 Bxc4 11. Nxc4 Re8 12. Be3 Bxe3 13. Nxe3 b6 14. Nd2 d5 
15. Qf3 d4 16. Nf5 Kh7 17. Rac1 Rc8 18. Nb3 dxc3 19. bxc3 Ne7 20. Ng3 Qd7 
21. Ra1 Qe6 22. Qd1 Ng6 23. d4 Nf4 24. Nd2 Nd7 25. Ne2 Nxe2+ 26. Qxe2 Qg6 
27. Rad1 Nf6 28. d5 Nd7 29. Nc4 Qf6 30. Qb2 Red8 31. Qb5 Qe7 32. f3 Nc5 
33. Kh2 f6 34. Re2 h5 35. Nb2 Rd6 36. Nc4 Rdd8 37. Ra1 Rb8 38. Qb1 Qe8 
39. Qa2 Rdc8 40. Qc2 Qg6 41. Ree1 Nb7 42. Ne3 Qg5 43. Rab1 Nc5 44. c4 g6 
45. Nd1 c6 46. Nc3 Rb7 47. Qe2 Qf4+ 48. Kh1 Qh6 49. Rb2 Qf8 50. Rd1 Kg7 
51. Kh2 Qe7 52. Rdd2 Qf8 53. Qd1 Qe7 54. Qe1 Qf7 55. Qf1 Qd7 56. Qd1 Qf7 
57. dxc6 Rxc6 58. Nb5 Qe6 59. Rd5 Re7 60. Rbd2 Qf7 61. Qb1 Nb7 62. Na7 Rxc4 
63. Qxb6 Qe8 64. Ra2 Rf7 65. Nb5 Qc6 66. Qe3 h4 67. Rd1 g5 68. Qe2 Rc5 
69. Qd3 Rc1 70. Rad2 Rc4 71. Qb3 Rc1 72. Qe3 Rxd1 73. Rxd1 Qc4 74. Qa3 Qc2 
75. Rc1 Qd2 76. Nc7 Qf4+ 77. Kh1 Qd2 78. Kh2 Qf4+ 79. Kg1 Qd2 80. Qc3 Qxc3 
81. Rxc3 Nd8 82. Rc5 Rd7 83. Nd5 Ra7 84. Nc7 Kf7 85. Kh2 Ne6 86. Nxe6 Kxe6 
87. Rc6+ Kf7 88. Kh1 Ra8 89. Kg1 Ra7 90. Kh1 Kg6 91. Kh2 Ra8 92. Rc7 Ra6 
93. Kh1 Ra8 1/2-1/2

[Event "Monday Night Engine Tour 5 Rd Swiss 16m+1s Starts at 2200hrs ST"]
[Site "Infinity Chess"]
[Date "2018.1.16"]
[Round "5"]
[White "SkyPilot"]
[Black "BlitzMaster"]
[Result "1/2-1/2 "]
[ECO "C55"]
[WhiteElo "2466"]
[BlackElo "2490"]
[WhiteEngine "stockfish_x64_bmi2_2018_01_13_CTG"]
[BlackEngine "komodo-11.2.2-64bit"]
[EventType "Swiss"]
[WhiteTeam ""]
[BlackTeam ""]
[PlyCount "141"]
[TimeControl "960+1"]

1. e4 e5 2. Nf3 Nc6 3. Bc4 Nf6 4. d3 Bc5 5. c3 O-O 6. O-O d6 7. h3 a5 8. Nbd2 h6 
9. Re1 Be6 10. Bb5 Qb8 11. Re2 Qa7 12. Nf1 a4 13. Ng3 Qa5 14. Bxc6 bxc6 
15. Nh4 Rfe8 16. Re1 d5 17. exd5 cxd5 18. Rxe5 Bf8 19. Qc2 c5 20. Bd2 Qa6 
21. Nhf5 c4 22. dxc4 dxc4 23. Nd4 Bd5 24. Rxe8 Rxe8 25. Re1 Rxe1+ 26. Bxe1 Nd7 
27. f3 Nc5 28. Bf2 Nd3 29. Nge2 f6 30. Bg3 Bf7 31. Kh1 g6 32. Bf4 h5 33. Be3 Qa5 
34. Nf4 Qe5 35. Qd2 Bh6 36. Nxd3 Qxe3 37. Qxe3 Bxe3 38. Nb4 f5 39. Ne2 Kg7 
40. h4 f4 41. a3 Kf6 42. Nc2 Bd2 43. Ncd4 Be8 44. Kh2 Ke5 45. Nc2 Bc6 
46. Nb4 Bd7 47. Nc2 Bf5 48. Ncd4 Bd3 49. Kh3 Kd6 50. Kh2 Kd5 51. Kh3 Ke5 
52. Kh2 Be3 53. Nc6+ Kd6 54. Ncd4 Kd5 55. Kh3 Ke5 56. Kh2 Kf6 57. Kh3 Bd2 
58. Kh2 Kf7 59. Kh1 Be3 60. Kh2 Bb1 61. Nc6 Ke6 62. Ncd4+ Ke5 63. Nc6+ Kd6 
64. Ncd4 Bd3 65. Nb5+ Ke7 66. Nbd4 Kf7 67. Kh3 Bd2 68. Kh2 Be3 69. Kh1 Bb1 
70. Kh2 Kf6 71. Kh3 1/2-1/2

[Event "Monday Night Engine Tour 5 Rd Swiss 16m+1s Starts at 2200hrs ST"]
[Site "Infinity Chess"]
[Date "2018.1.16"]
[Round "5"]
[White "RonWeasley"]
[Black "Thor"]
[Result "1/2-1/2"]
[ECO "B32"]
[WhiteElo "2461"]
[BlackElo "2474"]
[WhiteEngine "BrainFish 130117_CTG"]
[BlackEngine "BrainFish_180113_x64_bmi2"]
[EventType "Swiss"]
[WhiteTeam ""]
[BlackTeam ""]
[PlyCount "72"]
[TimeControl "960+1"]

1. e4 c5 2. Nf3 Nc6 3. d4 cxd4 4. Nxd4 e5 5. Nb5 d6 6. N1c3 Nf6 7. Nd5 Nxd5 
8. exd5 Nb8 9. a4 Be7 10. Be2 O-O 11. O-O f5 12. Bd2 f4 13. c4 a6 14. Nc3 Bf5 
15. Bg4 Nd7 16. Bxf5 Rxf5 17. f3 Qc7 18. Qc2 Rh5 19. Ne4 Nf6 20. Nxf6+ gxf6 
21. a5 Kh8 22. Kh1 Rg8 23. Rf2 Bd8 24. Bb4 Qe7 25. c5 Qg7 26. h3 Qg3 
27. Re2 dxc5 28. Bxc5 Bxa5 29. Be7 Rxh3+ 30. gxh3 Qxf3+ 31. Rg2 Qxh3+ 
32. Rh2 Qf3+ 33. Rg2 Qh5+ 34. Rh2 Qf3+ 35. Rg2 Qh5+ 36. Rh2 Qf3+ 1/2-1/2

[Event "Monday Night Engine Tour 5 Rd Swiss 16m+1s Starts at 2200hrs ST"]
[Site "Infinity Chess"]
[Date "2018.1.16"]
[Round "5"]
[White "Victorious"]
[Black "MarioDeMonti"]
[Result "1/2-1/2 "]
[ECO "A06"]
[WhiteElo "2508"]
[BlackElo "2417"]
[WhiteEngine "BugChess2.41_Release"]
[BlackEngine "stockfish_x64_bmi2_2018_01_13_CTG"]
[EventType "Swiss"]
[WhiteTeam ""]
[BlackTeam ""]
[PlyCount "143"]
[TimeControl "960+1"]

1. Nf3 d5 2. d4 Nf6 3. e3 c5 4. Nbd2 e6 5. c3 Nc6 6. Bd3 Bd6 7. dxc5 Bxc5 
8. b4 Bd6 9. Bb2 a6 10. O-O O-O 11. a3 e5 12. c4 e4 13. Bxf6 Qxf6 14. Bxe4 dxe4 
15. Nxe4 Bxh2+ 16. Nxh2 Qg6 17. Ng3 Be6 18. c5 Rad8 19. Qe2 h6 20. Rfd1 Bb3 
21. Rxd8 Rxd8 22. Nf3 h5 23. Rc1 Qg4 24. Nh2 Qxe2 25. Nxe2 Ne5 26. Nf1 g6 
27. Nd4 Bd5 28. Rd1 Rd7 29. Nf3 Bxf3 30. Rxd7 Nxd7 31. gxf3 Ne5 32. Nd2 Kf8 
33. Kf1 Nc6 34. f4 Ke7 35. Ke2 Ke6 36. Nf3 Kf5 37. Ke1 f6 38. Nh4+ Ke4 
39. Nxg6 Kd3 40. Kf1 Kc2 41. f5 Kb3 42. Nf4 Kxa3 43. Nd5 Kb3 44. e4 Nxb4 
45. Nxf6 a5 46. Nxh5 a4 47. f6 a3 48. f7 a2 49. Kg2 a1=Q 50. f8=Q Qd4 
51. Qf3+ Ka4 52. Qe2 Qxc5 53. Nf4 Qc1 54. Kf3 Nc6 55. Qa2+ Kb5 56. Qd5+ Qc5 
57. Qb3+ Qb4 58. Qd5+ Qc5 59. Qd7 Kb6 60. Qe6 Kb5 61. Qb3+ Qb4 62. Qe3 Qd4 
63. Qe2+ Qc4 64. Qb2+ Qb4 65. Qe2+ Qc4 66. Qb2+ Qb4 67. Qg7 b6 68. Nd3 Nd4+ 
69. Kg2 Qc3 70. Ne1 Ka5 71. Qf6 b5 72. Nf3 1/2-1/2

[Event "Monday Night Engine Tour 5 Rd Swiss 16m+1s Starts at 2200hrs ST"]
[Site "Infinity Chess"]
[Date "2018.1.15"]
[Round "4"]
[White "BlitzMaster"]
[Black "KULLANI"]
[Result "1/2-1/2"]
[ECO "C53"]
[WhiteElo "2493"]
[BlackElo "2424"]
[WhiteEngine "komodo-11.2.2-64bit"]
[BlackEngine "BrainFish_180106_x64_CTG"]
[EventType "Swiss"]
[WhiteTeam ""]
[BlackTeam ""]
[PlyCount "146"]
[TimeControl "960+1"]

1. e4 e5 2. Nf3 Nc6 3. Bc4 Bc5 4. c3 Nf6 5. d3 d6 6. O-O a5 7. Bg5 O-O 
8. Nbd2 h6 9. Bh4 g5 10. Bg3 Ba7 11. Re1 Nh7 12. h3 h5 13. d4 g4 14. Bh4 Qd7 
15. hxg4 hxg4 16. Nh2 Kh8 17. Bb5 f5 18. exf5 Qxf5 19. Nc4 exd4 20. Bxc6 bxc6 
21. cxd4 Qh5 22. Bg3 Bd7 23. Re7 Rf7 24. Rxf7 Qxf7 25. Nxa5 Nf6 26. Nb3 Kg7 
27. Qd3 Re8 28. Nf1 Qg6 29. Qc3 Ne4 30. Qd3 Bf5 31. Qe3 Be6 32. Re1 Bf7 
33. Qd3 Qf5 34. Qd1 Rh8 35. Re3 Qh5 36. Bh2 Bd5 37. Nbd2 Ng5 38. Rg3 Kf7 
39. Qxg4 Qxg4 40. Rxg4 Ne6 41. Ne3 Bxa2 42. Nc2 Bd5 43. Bf4 Rb8 44. b4 Ra8 
45. Be3 Bb6 46. Kf1 Ra2 47. Ne1 Nxd4 48. Rf4+ Ke6 49. Bxd4 Rxd2 50. Be3 Bxe3 
51. fxe3 c5 52. bxc5 dxc5 53. Nf3 Rb2 54. e4 Bc4+ 55. Kg1 Bd3 56. Rf5 c6 
57. Rxc5 Kd6 58. Rc3 Bxe4 59. g4 Kd5 60. g5 c5 61. Ne5 Kd4 62. Rc4+ Kxe5 
63. Rxc5+ Kf4 64. Rc3 Rd2 65. g6 Bxg6 66. Ra3 Bd3 67. Ra8 Be4 68. Ra3 Bf3 
69. Kf1 Rh2 70. Ke1 Re2+ 71. Kf1 Rc2 72. Ke1 Rg2 73. Rd3 Ra2 1/2-1/2

[Event "Monday Night Engine Tour 5 Rd Swiss 16m+1s Starts at 2200hrs ST"]
[Site "Infinity Chess"]
[Date "2018.1.15"]
[Round "4"]
[White "OlivierEvan"]
[Black "RonWeasley"]
[Result "0-1"]
[ECO "A00"]
[WhiteElo "2394"]
[BlackElo "2447"]
[WhiteEngine "Houdini 6"]
[BlackEngine "BrainFish 130117_CTG"]
[EventType "Swiss"]
[WhiteTeam ""]
[BlackTeam ""]
[PlyCount "170"]
[TimeControl "960+1"]

1. d3 d5 2. e3 e5 3. b3 c5 4. g3 Nf6 5. Bg2 Nc6 6. Nd2 Be6 7. Ngf3 Be7 
8. O-O O-O 9. c4 Qc7 10. cxd5 Nxd5 11. Bb2 Rfd8 12. a3 Nb6 13. Qb1 f6 
14. d4 cxd4 15. exd4 exd4 16. Re1 Bf7 17. Qd3 Bg6 18. Qf1 f5 19. Rac1 Bf6 
20. b4 Qf7 21. Ba1 a6 22. Qd3 h6 23. Bh3 Rd5 24. Nb3 Nd7 25. Nfd2 a5 26. b5 Nce5 
27. Qf1 a4 28. Nxd4 Nc5 29. Bg2 Ned3 30. Ne6 Ne4 31. Nc7 Nxc1 32. Nxe4 fxe4 
33. Nxd5 Bxa1 34. Rxc1 Bb2 35. Rd1 Bxa3 36. Nb6 Re8 37. Nxa4 Qb3 38. Nb6 Bf7 
39. Nd7 Bc4 40. Rb1 Qd3 41. h4 e3 42. fxe3 Qxe3+ 43. Qf2 Qd3 44. Ra1 Bd6 
45. Bf1 Qc3 46. Bxc4+ Qxc4 47. Re1 Re6 48. Rxe6 Qxe6 49. Nc5 Qd5 50. Nd7 Be7 
51. Nb6 Qxb5 52. Kh2 Qd3 53. Kg2 Qg6 54. Nd5 Bxh4 55. Qf3 b5 56. Nf4 Qxg3+ 
57. Qxg3 Bxg3 58. Kxg3 b4 59. Nd3 b3 60. Kf4 g5+ 61. Ke3 Kg7 62. Nb2 h5 
63. Ke2 g4 64. Ke3 g3 65. Kf3 h4 66. Kg2 Kf6 67. Nd3 Kg5 68. Kh3 Kf5 69. Kg2 Kg4 
70. Ne5+ Kf4 71. Nd3+ Ke3 72. Nb2 Kd2 73. Nc4+ Kc3 74. Na3 b2 75. Kh3 Kb3 
76. Nb1 Kc2 77. Na3+ Kc1 78. Nb5 b1=Q 79. Nd4 Qd3 80. Ne6 Qf5+ 81. Kxh4 g2 
82. Nd4 Qf2+ 83. Kh3 g1=Q 84. Ne2+ Qxe2 85. Kh4 Qeh2# 0-1

[Event "Monday Night Engine Tour 5 Rd Swiss 16m+1s Starts at 2200hrs ST"]
[Site "Infinity Chess"]
[Date "2018.1.15"]
[Round "4"]
[White "Dovahkiin"]
[Black "incredible"]
[Result "1/2-1/2 "]
[ECO "D00"]
[WhiteElo "2365"]
[BlackElo "2454"]
[WhiteEngine "BrainFish_180113_x64_modern_CTG"]
[BlackEngine "BrainFish_180113_x64_bmi2"]
[EventType "Swiss"]
[WhiteTeam ""]
[BlackTeam ""]
[PlyCount "174"]
[TimeControl "960+1"]

1. d4 d5 2. Bf4 Nf6 3. e3 c5 4. c3 e6 5. Nd2 Nc6 6. Bd3 Bd6 7. dxc5 Bxc5 
8. Ngf3 O-O 9. O-O Re8 10. e4 e5 11. Bg5 d4 12. cxd4 Bxd4 13. Nxd4 Nxd4 
14. Nb3 Ne6 15. Be3 Ng4 16. Qxg4 Qxd3 17. Rfd1 Qc2 18. Qh5 Nf8 19. Nd2 Be6 
20. b3 Ng6 21. Qf3 h6 22. Nc4 Red8 23. Rdc1 Qd3 24. g3 Qd7 25. Qe2 Rac8 
26. f3 Qe7 27. Nb2 b6 28. Rxc8 Rxc8 29. Rc1 Rxc1+ 30. Bxc1 Qc7 31. Be3 Ne7 
32. Qd3 Nc6 33. Nd1 Nb4 34. Qd2 Qd7 35. Qxd7 Bxd7 36. Nc3 f6 37. Kf2 Kf7 
38. Ke2 Nc2 39. Bf2 h5 40. Kd3 Nb4+ 41. Kc4 Nc6 42. f4 Na5+ 43. Kd3 Nc6 
44. Kc4 g6 45. Kd5 Ke7 46. h4 Na5 47. fxe5 Be6+ 48. Kd4 Nc6+ 49. Kd3 Nxe5+ 
50. Ke2 Bg4+ 51. Ke3 Bd7 52. Nd5+ Ke6 53. Be1 g5 54. Nb4 Ng4+ 55. Kd4 Be8 
56. Bc3 Ne5 57. Ke3 Ng4+ 58. Kf3 Ne5+ 59. Ke3 Ng4+ 60. Kd4 Bg6 61. Nd3 Ne5 
62. Nf2 gxh4 63. gxh4 f5 64. Ke3 fxe4 65. Nxe4 Nd3 66. Bd2 Nc5 67. Ng3 Kd5 
68. Ne2 Ne6 69. Bc3 Bb1 70. Bf6 Kc6 71. Nc3 Bf5 72. Ne2 b5 73. Be7 Bb1 
74. Nc3 Bc2 75. b4 a6 76. Bg5 Nxg5 77. hxg5 Kd6 78. Kf4 Ke6 79. a3 Bd3 
80. a4 bxa4 81. Nxa4 Kd5 82. Nc5 Bg6 83. Nxa6 h4 84. Kg4 h3 85. Kxh3 Kc4 
86. b5 Kxb5 87. Nb8 Be8 1/2-1/2